Nordiques vs Kings
Created - January 20, 2018 at 23:51
Goals
|
| Nordiques |
1 |
0 |
0 |
1 |
| Kings |
1 |
0 |
1 |
2 |
|
Shots
|
| Nordiques |
12 |
10 |
7 |
29 |
| Kings |
15 |
13 |
7 |
35 |
|
1st period
1. Nordiques , Kyle Calder 3 (Chris Drury 12) at 4:52 (PP)
2. Kings , Kyle Clifford 7 (Frans Nielsen 16, Patric Hornqvist 31) at 10:15
Penalties :
Patric Hornqvist (LAK) for Holding (Minor) at 4:15, Anze Kopitar (LAK) for Roughing (Minor) at 17:05
2nd period
No Goal
Penalties :
Johnny Gaudreau (LAK) for Hooking (Minor) at 2:52
3rd period
3. Kings , Anze Kopitar 28 (Johnny Gaudreau 22) at 8:19 (PP)
Penalties :
Frans Nielsen (LAK) for Cross-checking (Minor) at 1:01, Mark Eaton (Que) for Holding (Minor) at 7:31, Bruno Gervais (Que) for Hooking (Minor) at 15:17
Goalie Stats
Julien Ellis (Que), 33 saves from 35 shots - (0.943), L, 11-9-2, 59:14 minutes
Jonathan Quick (LAK), 28 saves from 29 shots - (0.966), W, 19-10-4, 60:00 minutes
Players Stats for Nordiques
Player Name G A P +/- PIM S H SB GA TA FO MP PP MP PK MP
------------------------------------------------------------------------------------
Bruno Gervais 0 0 0 0 2 0 0 4 0 0 0/0 20:02 2:56 0:00
Chris Drury 0 1 1 0 0 1 2 0 0 0 5/12 16:03 2:46 0:06
Daniel Briere 0 0 0 -1 0 3 0 0 0 0 12/27 23:00 3:34 1:57
Dmitry Kulikov 0 0 0 0 0 1 1 0 0 0 0/0 20:28 2:56 0:10
Dustin Byfuglien 0 0 0 0 0 1 1 0 2 1 0/0 24:38 3:38 1:37
Jean-Pierre Dumont 0 0 0 0 0 1 1 1 0 0 0/1 13:05 0:25 0:00
Kyle Calder 1 0 1 0 0 3 2 1 0 0 0/0 16:08 2:43 0:14
Marek Svatos 0 0 0 0 0 0 2 2 0 1 1/4 18:45 3:49 1:56
Mark Eaton 0 0 0 -1 2 0 1 1 0 2 0/0 14:53 0:00 1:00
Matt Moulson 0 0 0 0 0 1 0 2 0 0 0/0 11:28 0:17 0:00
Michael Ryder 0 0 0 0 0 1 0 0 0 0 1/1 8:33 0:00 0:00
Nikolai Kulemin 0 0 0 0 0 2 0 0 0 0 0/0 8:33 0:00 0:00
Paul Gaustad 0 0 0 0 0 0 2 1 0 0 1/5 11:41 0:14 0:21
R.J. Umberger 0 0 0 -1 0 2 1 0 1 1 2/2 21:48 3:34 0:30
Rich Peverley 0 0 0 0 0 2 0 0 1 0 1/2 8:33 0:00 0:00
Ryan Ellis 0 0 0 0 0 5 1 1 0 1 0/0 25:13 3:38 1:37
T.J. Fast 0 0 0 -1 0 2 1 2 0 1 0/0 15:04 0:00 1:10
Vladimir Tarasenko 0 0 0 -1 0 4 1 0 1 1 4/6 19:16 2:20 0:30
Players Stats for Kings
Player Name G A P +/- PIM S H SB GA TA FO MP PP MP PK MP
------------------------------------------------------------------------------------
Anze Kopitar 1 0 1 0 2 2 1 2 0 1 13/20 19:32 1:30 2:35
Cam Fowler 0 0 0 0 0 3 0 1 0 0 0/0 15:00 0:57 0:34
Cam Janssen 0 0 0 0 0 2 1 0 0 0 0/0 8:03 0:00 0:00
Chris Mcallister 0 0 0 0 0 3 0 0 0 0 0/0 12:29 0:00 4:13
Colton Parayko 0 0 0 0 0 0 1 0 0 1 0/0 18:09 0:00 0:00
Drew Doughty 0 0 0 0 0 3 0 1 3 0 0/0 23:07 1:50 2:10
Frans Nielsen 0 1 1 1 2 0 0 1 0 0 13/22 18:37 1:17 0:22
Greg Campbell 0 0 0 0 0 1 1 0 1 0 2/5 9:49 0:00 2:05
Jason Pominville 0 0 0 0 0 6 0 2 1 1 0/1 19:15 1:50 1:38
Johnny Gaudreau 0 1 1 0 2 1 1 1 0 0 0/0 18:10 1:30 0:21
Josef Vasicek 0 0 0 0 0 1 0 0 0 0 2/6 10:08 0:00 0:00
Kyle Clifford 1 0 1 1 0 4 1 0 0 1 1/2 17:01 1:17 0:16
Marcus Nilson 0 0 0 0 0 1 2 0 0 0 0/0 10:08 0:00 0:00
Nathan Horton 0 0 0 0 0 1 2 1 0 0 1/2 14:59 1:17 1:38
Patric Hornqvist 0 1 1 1 2 3 1 0 0 0 1/2 17:01 1:30 0:00
Radko Gudas 0 0 0 1 0 1 3 1 1 0 0/0 19:02 0:00 2:10
Randy Jones 0 0 0 0 0 3 0 1 2 0 0/0 19:03 0:00 4:24
Shane O'Brien 0 0 0 1 0 0 3 2 0 1 0/0 23:49 0:57 3:50
3 Stars
1 - Jonathan Quick (LAK)
2 - Kyle Clifford (LAK)
3 - Julien Ellis (Que)
Power Play
Nordiques - 1 on 4 Attempt(s) - 25.00%
Kings - 1 on 2 Attempt(s) - 50.00%
Penalty Kill
Nordiques - 1 on 2 Attempt(s) - 50.00%
- Score 0 goal in Penalty Kill
Kings - 3 on 4 Attempt(s) - 75.00%
- Score 0 goal in Penalty Kill
Team Stat
Nordiques - Hits : 16 - Faceoff Wins : 27 - Blocked Shots : 15 - Penalty Minutes : 4
Kings - Hits : 17 - Faceoff Wins : 33 - Blocked Shots : 13 - Penalty Minutes : 8
Official
Referees : Marouelli Dan and Banfield David
Linesman : Brian Murphy and Lonnie Cameron
Game Notes
No Game Note
Finance
Level 1 -- Attendance: 5427 (90.45%) -- Ticket Income $488,430
Level 2 -- Attendance: 3356 (67.12%) -- Ticket Income $218,140
Level 3 -- Attendance: 1521 (76.05%) -- Ticket Income $60,840
Level 4 -- Attendance: 2748 (68.70%) -- Ticket Income $82,440
Luxury Box -- Attendance: 1000 (100.00%) -- Ticket Income $145,000
Game was played at the Staples Center.
Total Attendance: 14052 (78.07%)
Total Ticket Income: $994,850
Other Income: $149,228
Total Income: $1,144,078
Nordiques
5 vs 5 Forward
Center Left Wing Right Wing Time % Phy DF OF
1 Daniel Briere R.J. Umberger Vladimir Tarasenko 40 0 1 4
2 Chris Drury Kyle Calder Marek Svatos 30 0 1 4
3 Paul Gaustad Matt Moulson Jean-Pierre Dumont 20 0 1 4
4 Rich Peverley Nikolai Kulemin Michael Ryder 10 0 2 3
5 vs 5 Defense
Defense Defense Time % Phy DF OF
1 Dustin Byfuglien Ryan Ellis 40 0 4 1
2 Bruno Gervais Dmitry Kulikov 30 0 4 1
3 T.J. Fast Mark Eaton 20 0 4 1
4 Ryan Ellis Dustin Byfuglien 10 0 4 1
PowerPlay Forward
Center Left Wing Right Wing Time % Phy DF OF
1 Daniel Briere R.J. Umberger Marek Svatos 60 0 0 5
2 Chris Drury Kyle Calder Vladimir Tarasenko 40 0 0 5
PowerPlay Defense
Defense Defense Time % Phy DF OF
1 Dustin Byfuglien Ryan Ellis 60 0 1 4
2 Dmitry Kulikov Bruno Gervais 40 0 1 4
Penalty Kill 4 Players Forward
Center Wing Time % Phy DF OF
1 Marek Svatos Daniel Briere 60 0 3 2
2 Vladimir Tarasenko R.J. Umberger 40 0 3 2
Penalty Kill 4 Players Defense
Defense Defense Time % Phy DF OF
1 Dustin Byfuglien Ryan Ellis 60 0 5 0
2 T.J. Fast Mark Eaton 40 0 5 0
Penalty Kill - 3 Players Forward
Forward Time % Phy DF OF
1 Marek Svatos 60 0 5 0
2 Daniel Briere 40 0 5 0
Penalty Kill - 3 Players Defense
Defense Defense Time % Phy DF OF
1 Dustin Byfuglien Ryan Ellis 60 0 5 0
2 T.J. Fast Mark Eaton 40 0 5 0
4 vs 4 Forward
Center Wing Time % Phy DF OF
1 Marek Svatos Daniel Briere 60 0 2 3
2 Vladimir Tarasenko R.J. Umberger 40 0 2 3
4 vs 4 Defense
Defense Defense Time % Phy DF OF
1 Dustin Byfuglien Ryan Ellis 60 0 4 1
2 Dmitry Kulikov Mark Eaton 40 0 4 1
Last Minutes Offensive
Center Left Wing Right Wing Defense Defense
Daniel Briere R.J. Umberger Marek Svatos Dmitry Kulikov Ryan Ellis
Last Minutes Defensive
Center Left Wing Right Wing Defense Defense
Paul Gaustad R.J. Umberger Marek Svatos T.J. Fast Mark Eaton
Goaltenders
Starting : Julien Ellis
Backup : John Gibson
Extra Forwards
Normal : Daniel Briere, Vladimir Tarasenko, Chris Drury - PP : Daniel Briere, Vladimir Tarasenko - PK : Paul Gaustad
Extra Defensemen
Normal : Ryan Ellis, Dmitry Kulikov, Dustin Byfuglien - PP : Ryan Ellis - PK : Dmitry Kulikov, Mark Eaton
Penalty Shots
Marek Svatos, Daniel Briere, Vladimir Tarasenko, R.J. Umberger, Jean-Pierre Dumont
Scratches
Fedor Tyutin (Sprained Left Knee Injury), Tyler Weiman (Healthy)
Kings
5 vs 5 Forward
Center Left Wing Right Wing Time % Phy DF OF
1 Frans Nielsen Kyle Clifford Patric Hornqvist 40 1 3 1
2 Anze Kopitar Johnny Gaudreau Jason Pominville 40 1 3 1
3 Josef Vasicek Marcus Nilson Nathan Horton 15 1 3 1
4 Greg Campbell Chris Mcallister Cam Janssen 5 1 3 1
5 vs 5 Defense
Defense Defense Time % Phy DF OF
1 Drew Doughty Colton Parayko 40 0 3 2
2 Radko Gudas Shane O'Brien 35 2 3 0
3 Cam Fowler Randy Jones 25 1 3 1
4 Drew Doughty Shane O'Brien 0 1 3 1
PowerPlay Forward
Center Left Wing Right Wing Time % Phy DF OF
1 Anze Kopitar Johnny Gaudreau Patric Hornqvist 60 1 1 3
2 Frans Nielsen Kyle Clifford Nathan Horton 40 1 1 3
PowerPlay Defense
Defense Defense Time % Phy DF OF
1 Drew Doughty Jason Pominville 60 0 2 3
2 Cam Fowler Shane O'Brien 40 1 3 1
Penalty Kill 4 Players Forward
Center Wing Time % Phy DF OF
1 Anze Kopitar Chris Mcallister 60 1 3 1
2 Nathan Horton Jason Pominville 40 1 3 1
Penalty Kill 4 Players Defense
Defense Defense Time % Phy DF OF
1 Randy Jones Shane O'Brien 60 1 4 0
2 Radko Gudas Drew Doughty 40 1 4 0
Penalty Kill - 3 Players Forward
Forward Time % Phy DF OF
1 Greg Campbell 60 1 3 1
2 Jason Pominville 40 1 3 1
Penalty Kill - 3 Players Defense
Defense Defense Time % Phy DF OF
1 Drew Doughty Shane O'Brien 60 1 4 0
2 Radko Gudas Randy Jones 40 1 4 0
4 vs 4 Forward
Center Wing Time % Phy DF OF
1 Anze Kopitar Patric Hornqvist 60 1 2 2
2 Jason Pominville Frans Nielsen 40 1 2 2
4 vs 4 Defense
Defense Defense Time % Phy DF OF
1 Drew Doughty Shane O'Brien 60 1 2 2
2 Cam Fowler Randy Jones 40 1 2 2
Last Minutes Offensive
Center Left Wing Right Wing Defense Defense
Anze Kopitar Johnny Gaudreau Patric Hornqvist Drew Doughty Shane O'Brien
Last Minutes Defensive
Center Left Wing Right Wing Defense Defense
Frans Nielsen Chris Mcallister Nathan Horton Drew Doughty Shane O'Brien
Goaltenders
Starting : Jonathan Quick
Backup : Mike Brodeur
Extra Forwards
Normal : Nathan Horton, Jason Pominville, Patric Hornqvist - PP : Josef Vasicek, Chris Mcallister - PK : Greg Campbell
Extra Defensemen
Normal : Cam Fowler, Colton Parayko, Radko Gudas - PP : Randy Jones - PK : Cam Fowler, Colton Parayko
Penalty Shots
Anze Kopitar, Nathan Horton, Patric Hornqvist, Marcus Nilson, Frans Nielsen
Scratches
None
% Time on Ice - Nordiques
Lines # - Real PCT - Wanted PCT - Time Play
Normal Forward
1 - 33% - 40% - 16:26
2 - 28% - 30% - 13:36
3 - 22% - 20% - 10:52
4 - 17% - 10% - 8:33
Normal Defense
1 - 37% - 40% - 18:03
2 - 33% - 30% - 16:30
3 - 27% - 20% - 13:34
4 - 3% - 10% - 1:20
PP Forward
1 - 58% - 60% - 3:50
2 - 42% - 40% - 2:44
PP Defense
1 - 55% - 60% - 3:38
2 - 45% - 40% - 2:56
PK Forward
1 - 82% - 60% - 2:17
2 - 18% - 40% - 0:30
PK Defense
1 - 58% - 60% - 1:37
2 - 42% - 40% - 1:10
PK3 Forward
1 - 0% - 60%
2 - 0% - 40%
PK3 Defense
1 - 0% - 60%
2 - 0% - 40%
44 Forward
1 - 0% - 60%
2 - 0% - 40%
44 Defense
1 - 0% - 60%
2 - 0% - 40%
Last Minute Offensive - 1:12
Last Minute Defensive - 0:00
Total
Forward - 60:00
Defense - 60:00
|
% Time on Ice - Kings
Lines # - Real PCT - Wanted PCT - Time Play
Normal Forward
1 - 32% - 40% - 15:45
2 - 32% - 40% - 15:53
3 - 20% - 15% - 10:08
4 - 16% - 5% - 7:44
Normal Defense
1 - 40% - 40% - 19:54
2 - 33% - 35% - 16:08
3 - 27% - 25% - 13:28
4 - 0% - 0% - 0:00
PP Forward
1 - 54% - 60% - 1:30
2 - 46% - 40% - 1:17
PP Defense
1 - 66% - 60% - 1:50
2 - 34% - 40% - 0:57
PK Forward
1 - 75% - 60% - 4:56
2 - 25% - 40% - 1:38
PK Defense
1 - 67% - 60% - 4:24
2 - 33% - 40% - 2:10
PK3 Forward
1 - 0% - 60%
2 - 0% - 40%
PK3 Defense
1 - 0% - 60%
2 - 0% - 40%
44 Forward
1 - 0% - 60%
2 - 0% - 40%
44 Defense
1 - 0% - 60%
2 - 0% - 40%
Last Minute Offensive - 0:00
Last Minute Defensive - 1:09
Total
Forward - 60:00
Defense - 60:00
|
Play by Play
1st period
0:01 of 1st period - Frans Nielsen wins face-off versus Daniel Briere in neutral zone.
0:54 of 1st period - Off-side.
0:55 of 1st period - Rich Peverley wins face-off versus Josef Vasicek in neutral zone.
1:10 of 1st period - Slapshot by T.J. Fast.
1:10 of 1st period - Stopped by Jonathan Quick without a rebound.
1:11 of 1st period - Daniel Briere wins face-off versus Anze Kopitar in Kings zone.
1:12 of 1st period - Snap shot by R.J. Umberger.
1:12 of 1st period - Shot Misses the Net.
2:00 of 1st period - Snap shot by Jean-Pierre Dumont.
2:00 of 1st period - Stopped by Jonathan Quick with a rebound.
2:42 of 1st period - Snap shot by Daniel Briere.
2:42 of 1st period - Shot Misses the Net.
2:44 of 1st period - Slapshot by Ryan Ellis.
2:44 of 1st period - Deflect By Anze Kopitar.
2:44 of 1st period - Stopped by Jonathan Quick without a rebound.
2:45 of 1st period - Vladimir Tarasenko wins face-off versus Anze Kopitar in Kings zone.
2:50 of 1st period - Slapshot by Vladimir Tarasenko.
2:50 of 1st period - Stopped by Jonathan Quick with a rebound.
2:52 of 1st period - Slapshot by T.J. Fast.
2:52 of 1st period - Shot Blocked by Drew Doughty.
2:54 of 1st period - Slapshot by T.J. Fast.
2:54 of 1st period - Shot Blocked by Anze Kopitar.
3:12 of 1st period - Icing by Drew Doughty.
3:13 of 1st period - Anze Kopitar wins face-off versus Chris Drury in Kings zone.
3:48 of 1st period - Slapshot by Anze Kopitar.
3:48 of 1st period - Shot Blocked by Matt Moulson.
3:50 of 1st period - Snap shot by Jason Pominville.
3:50 of 1st period - Stopped by Julien Ellis with a rebound.
3:52 of 1st period - Wrist shot by Jason Pominville.
3:52 of 1st period - Deflect By Ryan Ellis.
3:52 of 1st period - Stopped by Julien Ellis without a rebound.
3:53 of 1st period - R.J. Umberger wins face-off versus Frans Nielsen in Nordiques zone.
3:53 of 1st period - R.J. Umberger is hit by Kyle Clifford.
4:05 of 1st period - Snap shot by Vladimir Tarasenko.
4:05 of 1st period - Stopped by Jonathan Quick with a rebound.
4:07 of 1st period - Snap shot by R.J. Umberger.
4:07 of 1st period - Shot Blocked by Shane O'Brien.
4:09 of 1st period - Snap shot by Daniel Briere.
4:09 of 1st period - Shot Blocked by Shane O'Brien.
4:15 of 1st period - Minor Penalty to Patric Hornqvist for Holding.
4:16 of 1st period - Anze Kopitar wins face-off versus Daniel Briere in Kings zone.
4:44 of 1st period - Icing by Dustin Byfuglien.
4:45 of 1st period - Chris Drury wins face-off versus Nathan Horton in Nordiques zone.
4:52 of 1st period - Slapshot by Kyle Calder.
4:52 of 1st period - Goal by Kyle Calder - Nordiques : 1 - Kings : 0.
4:53 of 1st period - Frans Nielsen wins face-off versus Chris Drury in neutral zone.
5:18 of 1st period - Anze Kopitar is hit by Vladimir Tarasenko and loses puck.
5:28 of 1st period - Off-side.
5:29 of 1st period - Frans Nielsen wins face-off versus Paul Gaustad in neutral zone.
5:36 of 1st period - Patric Hornqvist is hit by Paul Gaustad and loses puck.
6:25 of 1st period - Wrist shot by Jason Pominville.
6:25 of 1st period - Shot Misses the Net.
6:27 of 1st period - Slapshot by Radko Gudas.
6:27 of 1st period - Stopped by Julien Ellis with a rebound.
6:29 of 1st period - Snap shot by Anze Kopitar.
6:29 of 1st period - Stopped by Julien Ellis with a rebound.
6:54 of 1st period - Off-side.
6:55 of 1st period - Paul Gaustad wins face-off versus Frans Nielsen in neutral zone.
7:46 of 1st period - Kyle Calder is hit by Nathan Horton and loses puck.
8:01 of 1st period - Wrist shot by Patric Hornqvist.
8:01 of 1st period - Stopped by Julien Ellis with a rebound.
8:03 of 1st period - Snap shot by Frans Nielsen.
8:03 of 1st period - Shot Misses the Net.
8:05 of 1st period - Slapshot by Cam Fowler.
8:05 of 1st period - Stopped by Julien Ellis with a rebound.
9:33 of 1st period - Snap shot by Chris Drury.
9:33 of 1st period - Shot Misses the Net.
9:35 of 1st period - Slapshot by Ryan Ellis.
9:35 of 1st period - Stopped by Jonathan Quick with a rebound.
9:37 of 1st period - Snap shot by Chris Drury.
9:37 of 1st period - Deflect By Marek Svatos.
9:37 of 1st period - Shot Misses the Net.
9:37 of 1st period - Puck is out of play.
9:38 of 1st period - Anze Kopitar wins face-off versus Daniel Briere in Kings zone.
9:38 of 1st period - Anze Kopitar is hit by T.J. Fast.
9:50 of 1st period - Wrist shot by Daniel Briere.
9:50 of 1st period - Shot Misses the Net.
9:52 of 1st period - Wrist shot by T.J. Fast.
9:52 of 1st period - Stopped by Jonathan Quick without a rebound.
9:53 of 1st period - Kyle Clifford wins face-off versus Daniel Briere in Kings zone.
10:00 of 1st period - Snap shot by Kyle Clifford.
10:00 of 1st period - Stopped by Julien Ellis without a rebound.
10:01 of 1st period - Daniel Briere wins face-off versus Frans Nielsen in Nordiques zone.
10:01 of 1st period - Daniel Briere is hit by Shane O'Brien.
10:15 of 1st period - Snap shot by Kyle Clifford.
10:15 of 1st period - Goal by Kyle Clifford - Nordiques : 1 - Kings : 1.
10:16 of 1st period - Daniel Briere wins face-off versus Patric Hornqvist in neutral zone.
10:19 of 1st period - Snap shot by Vladimir Tarasenko.
10:19 of 1st period - Deflect By R.J. Umberger.
10:19 of 1st period - Shot Misses the Net.
10:19 of 1st period - Puck is out of play.
10:20 of 1st period - Daniel Briere wins face-off versus Frans Nielsen in Kings zone.
10:33 of 1st period - Wrist shot by Vladimir Tarasenko.
10:33 of 1st period - Stopped by Jonathan Quick without a rebound.
10:34 of 1st period - Daniel Briere wins face-off versus Anze Kopitar in Kings zone.
11:08 of 1st period - Wrist shot by Kyle Clifford.
11:08 of 1st period - Shot Blocked by Ryan Ellis.
11:47 of 1st period - Snap shot by Marcus Nilson.
11:47 of 1st period - Stopped by Julien Ellis without a rebound.
11:48 of 1st period - Josef Vasicek wins face-off versus Daniel Briere in Nordiques zone.
11:49 of 1st period - Slapshot by Drew Doughty.
11:49 of 1st period - Stopped by Julien Ellis without a rebound.
11:50 of 1st period - Vladimir Tarasenko wins face-off versus Anze Kopitar in Nordiques zone.
11:57 of 1st period - Snap shot by R.J. Umberger.
11:57 of 1st period - Shot Misses the Net.
13:04 of 1st period - Slapshot by Michael Ryder.
13:04 of 1st period - Shot Misses the Net.
13:25 of 1st period - Snap shot by Jason Pominville.
13:25 of 1st period - Stopped by Julien Ellis with a rebound.
14:12 of 1st period - Icing by Nathan Horton.
14:13 of 1st period - Daniel Briere wins face-off versus Josef Vasicek in Kings zone.
14:51 of 1st period - Snap shot by Chris Drury.
14:51 of 1st period - Shot Misses the Net.
16:48 of 1st period - Snap shot by Cam Janssen.
16:48 of 1st period - Stopped by Julien Ellis with a rebound.
16:50 of 1st period - Slapshot by Randy Jones.
16:50 of 1st period - Stopped by Julien Ellis with a rebound.
16:52 of 1st period - Slapshot by Chris Mcallister.
16:52 of 1st period - Stopped by Julien Ellis with a rebound.
17:05 of 1st period - Minor Penalty to Anze Kopitar for Roughing.
17:06 of 1st period - R.J. Umberger wins face-off versus Greg Campbell in Kings zone.
17:12 of 1st period - Snap shot by Daniel Briere.
17:12 of 1st period - Stopped by Jonathan Quick without a rebound.
17:13 of 1st period - Greg Campbell wins face-off versus Daniel Briere in Kings zone.
17:51 of 1st period - Drew Doughty is hit by Marek Svatos and loses puck.
18:01 of 1st period - Off-side.
18:02 of 1st period - Frans Nielsen wins face-off versus Chris Drury in neutral zone.
18:09 of 1st period - Icing by Kyle Calder.
18:10 of 1st period - Chris Drury wins face-off versus Greg Campbell in Nordiques zone.
18:21 of 1st period - Wrist shot by Greg Campbell.
18:21 of 1st period - Stopped by Julien Ellis without a rebound.
18:22 of 1st period - Daniel Briere wins face-off versus Greg Campbell in Nordiques zone.
18:47 of 1st period - Chris Mcallister is hit by Chris Drury and loses puck.
19:05 of 1st period - Penalty to Anze Kopitar is over, Anze Kopitar is back on ice.
19:42 of 1st period - Snap shot by Rich Peverley.
19:42 of 1st period - Shot Misses the Net.
19:44 of 1st period - Snap shot by Nikolai Kulemin.
19:44 of 1st period - Stopped by Jonathan Quick with a rebound.
19:46 of 1st period - Slapshot by Nikolai Kulemin.
19:46 of 1st period - Shot Blocked by Anze Kopitar.
19:48 of 1st period - Wrist shot by Nikolai Kulemin.
19:48 of 1st period - Stopped by Jonathan Quick without a rebound.
19:49 of 1st period - Daniel Briere wins face-off versus Kyle Clifford in Kings zone.
Goals for this period are 1 for Nordiques vs 1 for Kings.
Shots for this period are 12 for Nordiques vs 15 for Kings.
2nd period
0:01 of 2nd period - Daniel Briere wins face-off versus Anze Kopitar in neutral zone.
0:54 of 2nd period - Snap shot by Ryan Ellis.
0:54 of 2nd period - Stopped by Jonathan Quick without a rebound.
0:55 of 2nd period - Vladimir Tarasenko wins face-off versus Jason Pominville in Kings zone.
2:17 of 2nd period - Snap shot by Patric Hornqvist.
2:17 of 2nd period - Stopped by Julien Ellis with a rebound.
2:38 of 2nd period - Slapshot by Matt Moulson.
2:38 of 2nd period - Shot Misses the Net.
2:40 of 2nd period - Snap shot by Jean-Pierre Dumont.
2:40 of 2nd period - Shot Blocked by Randy Jones.
2:42 of 2nd period - Snap shot by Paul Gaustad.
2:42 of 2nd period - Shot Blocked by Jason Pominville.
2:44 of 2nd period - Slapshot by Dmitry Kulikov.
2:44 of 2nd period - Shot Blocked by Cam Fowler.
2:46 of 2nd period - Slapshot by Dmitry Kulikov.
2:46 of 2nd period - Stopped by Jonathan Quick with a rebound.
2:52 of 2nd period - Minor Penalty to Johnny Gaudreau for Hooking.
2:53 of 2nd period - Anze Kopitar wins face-off versus Vladimir Tarasenko in Kings zone.
4:52 of 2nd period - Penalty to Johnny Gaudreau is over, Johnny Gaudreau is back on ice.
4:57 of 2nd period - Colton Parayko is hit by Jean-Pierre Dumont and loses puck.
6:01 of 2nd period - Ryan Ellis is hit by Marcus Nilson and loses puck.
6:22 of 2nd period - Chris Drury is hit by Colton Parayko and loses puck.
6:53 of 2nd period - Slapshot by Rich Peverley.
6:53 of 2nd period - Shot Misses the Net.
7:07 of 2nd period - Snap shot by Nathan Horton.
7:07 of 2nd period - Deflect By Josef Vasicek.
7:07 of 2nd period - Stopped by Julien Ellis with a rebound.
7:09 of 2nd period - Snap shot by Randy Jones.
7:09 of 2nd period - Stopped by Julien Ellis without a rebound.
7:10 of 2nd period - Chris Drury wins face-off versus Josef Vasicek in Nordiques zone.
7:14 of 2nd period - Off-side.
7:15 of 2nd period - Anze Kopitar wins face-off versus Daniel Briere in neutral zone.
7:38 of 2nd period - Icing by Mark Eaton.
7:39 of 2nd period - Frans Nielsen wins face-off versus Chris Drury in Nordiques zone.
7:40 of 2nd period - Wrist shot by Kyle Clifford.
7:40 of 2nd period - Shot Blocked by Marek Svatos.
7:42 of 2nd period - Snap shot by Cam Fowler.
7:42 of 2nd period - Stopped by Julien Ellis with a rebound.
7:44 of 2nd period - Slapshot by Randy Jones.
7:44 of 2nd period - Shot Misses the Net.
7:46 of 2nd period - Wrist shot by Patric Hornqvist.
7:46 of 2nd period - Shot Blocked by T.J. Fast.
7:48 of 2nd period - Wrist shot by Kyle Clifford.
7:48 of 2nd period - Shot Blocked by T.J. Fast.
7:50 of 2nd period - Slapshot by Kyle Clifford.
7:50 of 2nd period - Stopped by Julien Ellis with a rebound.
8:49 of 2nd period - Kyle Clifford is hit by Chris Drury and loses puck.
9:15 of 2nd period - Snap shot by Chris Mcallister.
9:15 of 2nd period - Stopped by Julien Ellis without a rebound.
9:16 of 2nd period - Anze Kopitar wins face-off versus Daniel Briere in Nordiques zone.
9:59 of 2nd period - Slapshot by Patric Hornqvist.
9:59 of 2nd period - Shot Misses the Net.
10:11 of 2nd period - Nathan Horton is hit by Ryan Ellis and loses puck.
10:22 of 2nd period - Wrist shot by Paul Gaustad.
10:22 of 2nd period - Shot Misses the Net.
11:00 of 2nd period - Off-side.
11:01 of 2nd period - Chris Drury wins face-off versus Frans Nielsen in neutral zone.
11:37 of 2nd period - Snap shot by Jason Pominville.
11:37 of 2nd period - Shot Blocked by Bruno Gervais.
11:39 of 2nd period - Wrist shot by Jason Pominville.
11:39 of 2nd period - Deflect By Johnny Gaudreau.
11:39 of 2nd period - Stopped by Julien Ellis with a rebound.
12:01 of 2nd period - Backhand shot by Josef Vasicek.
12:01 of 2nd period - Shot Misses the Net.
12:03 of 2nd period - Slapshot by Randy Jones.
12:03 of 2nd period - Stopped by Julien Ellis with a rebound.
12:13 of 2nd period - Cam Janssen is hit by Kyle Calder and loses puck.
13:21 of 2nd period - Backhand shot by Johnny Gaudreau.
13:21 of 2nd period - Shot Blocked by Mark Eaton.
14:24 of 2nd period - Slapshot by Chris Mcallister.
14:24 of 2nd period - Stopped by Julien Ellis with a rebound.
14:29 of 2nd period - Off-side.
14:30 of 2nd period - Daniel Briere wins face-off versus Frans Nielsen in neutral zone.
14:56 of 2nd period - Radko Gudas is hit by Kyle Calder and loses puck.
15:01 of 2nd period - Wrist shot by Kyle Calder.
15:01 of 2nd period - Stopped by Jonathan Quick without a rebound.
15:02 of 2nd period - Anze Kopitar wins face-off versus Chris Drury in Kings zone.
15:17 of 2nd period - Snap shot by Anze Kopitar.
15:17 of 2nd period - Shot Blocked by Marek Svatos.
15:19 of 2nd period - Slapshot by Cam Fowler.
15:19 of 2nd period - Stopped by Julien Ellis without a rebound.
15:20 of 2nd period - Frans Nielsen wins face-off versus Vladimir Tarasenko in Nordiques zone.
15:45 of 2nd period - Vladimir Tarasenko is hit by Marcus Nilson and loses puck.
16:14 of 2nd period - Snap shot by Dustin Byfuglien.
16:14 of 2nd period - Shot Blocked by Jason Pominville.
16:52 of 2nd period - Slapshot by Kyle Calder.
16:52 of 2nd period - Stopped by Jonathan Quick with a rebound.
16:54 of 2nd period - Slapshot by Ryan Ellis.
16:54 of 2nd period - Deflect By Randy Jones.
16:54 of 2nd period - Stopped by Jonathan Quick with a rebound.
16:56 of 2nd period - Slapshot by Ryan Ellis.
16:56 of 2nd period - Stopped by Jonathan Quick with a rebound.
16:58 of 2nd period - Snap shot by Chris Drury.
16:58 of 2nd period - Stopped by Jonathan Quick with a rebound.
17:00 of 2nd period - Slapshot by Dustin Byfuglien.
17:00 of 2nd period - Stopped by Jonathan Quick without a rebound.
17:01 of 2nd period - Anze Kopitar wins face-off versus Paul Gaustad in Kings zone.
17:01 of 2nd period - Anze Kopitar is hit by Paul Gaustad.
17:07 of 2nd period - Slapshot by Jason Pominville.
17:07 of 2nd period - Stopped by Julien Ellis without a rebound.
17:08 of 2nd period - Anze Kopitar wins face-off versus Jean-Pierre Dumont in Nordiques zone.
17:27 of 2nd period - Slapshot by Drew Doughty.
17:27 of 2nd period - Deflect By Anze Kopitar.
17:27 of 2nd period - Shot Misses the Net.
17:27 of 2nd period - Puck is out of play.
17:28 of 2nd period - Patric Hornqvist wins face-off versus Chris Drury in Nordiques zone.
17:58 of 2nd period - Wrist shot by Johnny Gaudreau.
17:58 of 2nd period - Shot Blocked by Bruno Gervais.
18:00 of 2nd period - Snap shot by Anze Kopitar.
18:00 of 2nd period - Shot Misses the Net.
18:02 of 2nd period - Wrist shot by Jason Pominville.
18:02 of 2nd period - Stopped by Julien Ellis with a rebound.
18:08 of 2nd period - Slapshot by Jason Pominville.
18:08 of 2nd period - Shot Blocked by Matt Moulson.
18:26 of 2nd period - Slapshot by Nikolai Kulemin.
18:26 of 2nd period - Shot Misses the Net.
18:36 of 2nd period - Bruno Gervais is hit by Nathan Horton and loses puck.
18:55 of 2nd period - Snap shot by Vladimir Tarasenko.
18:55 of 2nd period - Stopped by Jonathan Quick with a rebound.
18:57 of 2nd period - Snap shot by R.J. Umberger.
18:57 of 2nd period - Stopped by Jonathan Quick without a rebound.
18:58 of 2nd period - Daniel Briere wins face-off versus Frans Nielsen in Kings zone.
19:11 of 2nd period - Snap shot by R.J. Umberger.
19:11 of 2nd period - Shot Misses the Net.
19:23 of 2nd period - Ryan Ellis is hit by Radko Gudas and loses puck.
19:28 of 2nd period - Slapshot by Jason Pominville.
19:28 of 2nd period - Stopped by Julien Ellis without a rebound.
19:29 of 2nd period - Anze Kopitar wins face-off versus Chris Drury in Nordiques zone.
19:55 of 2nd period - Slapshot by Cam Fowler.
19:55 of 2nd period - Shot Misses the Net.
Goals for this period are 0 for Nordiques vs 0 for Kings.
Shots for this period are 10 for Nordiques vs 13 for Kings.
3rd period
0:01 of 3rd period - Frans Nielsen wins face-off versus Daniel Briere in neutral zone.
0:52 of 3rd period - Snap shot by Rich Peverley.
0:52 of 3rd period - Stopped by Jonathan Quick without a rebound.
0:53 of 3rd period - Michael Ryder wins face-off versus Frans Nielsen in Kings zone.
0:58 of 3rd period - Snap shot by Michael Ryder.
0:58 of 3rd period - Stopped by Jonathan Quick without a rebound.
0:59 of 3rd period - Frans Nielsen wins face-off versus Daniel Briere in Kings zone.
1:01 of 3rd period - Minor Penalty to Frans Nielsen for Cross-checking.
1:02 of 3rd period - Anze Kopitar wins face-off versus Daniel Briere in Kings zone.
1:02 of 3rd period - Anze Kopitar is hit by Marek Svatos.
1:29 of 3rd period - Anze Kopitar is hit by Dustin Byfuglien and loses puck.
1:42 of 3rd period - Backhand shot by Drew Doughty.
1:42 of 3rd period - Stopped by Julien Ellis without a rebound.
1:43 of 3rd period - Nathan Horton wins face-off versus Daniel Briere in Nordiques zone.
3:01 of 3rd period - Penalty to Frans Nielsen is over, Frans Nielsen is back on ice.
3:33 of 3rd period - T.J. Fast is hit by Greg Campbell and loses puck.
4:20 of 3rd period - Marek Svatos is hit by Shane O'Brien and loses puck.
4:57 of 3rd period - Slapshot by Drew Doughty.
4:57 of 3rd period - Shot Blocked by Jean-Pierre Dumont.
5:04 of 3rd period - Icing by Dmitry Kulikov.
5:05 of 3rd period - Frans Nielsen wins face-off versus Paul Gaustad in Nordiques zone.
5:17 of 3rd period - Mark Eaton is hit by Johnny Gaudreau and loses puck.
5:34 of 3rd period - Mark Eaton is hit by Patric Hornqvist and loses puck.
6:18 of 3rd period - Wrist shot by Nikolai Kulemin.
6:18 of 3rd period - Shot Blocked by Johnny Gaudreau.
6:20 of 3rd period - Slapshot by Dmitry Kulikov.
6:20 of 3rd period - Shot Blocked by Radko Gudas.
6:52 of 3rd period - Snap shot by Matt Moulson.
6:52 of 3rd period - Stopped by Jonathan Quick without a rebound.
6:53 of 3rd period - Daniel Briere wins face-off versus Josef Vasicek in Kings zone.
7:29 of 3rd period - Wrist shot by Patric Hornqvist.
7:29 of 3rd period - Shot Blocked by Kyle Calder.
7:31 of 3rd period - Minor Penalty to Mark Eaton for Holding.
7:32 of 3rd period - Anze Kopitar wins face-off versus Marek Svatos in Nordiques zone.
8:09 of 3rd period - Snap shot by Nathan Horton.
8:09 of 3rd period - Stopped by Julien Ellis without a rebound.
8:10 of 3rd period - Frans Nielsen wins face-off versus Marek Svatos in Nordiques zone.
8:13 of 3rd period - Snap shot by Nathan Horton.
8:13 of 3rd period - Shot Misses the Net.
8:15 of 3rd period - Wrist shot by Kyle Clifford.
8:15 of 3rd period - Stopped by Julien Ellis without a rebound.
8:16 of 3rd period - Anze Kopitar wins face-off versus Marek Svatos in Nordiques zone.
8:19 of 3rd period - Wrist shot by Anze Kopitar.
8:19 of 3rd period - Goal by Anze Kopitar - Nordiques : 1 - Kings : 2.
8:20 of 3rd period - Frans Nielsen wins face-off versus Daniel Briere in neutral zone.
8:23 of 3rd period - Ryan Ellis is hit by Shane O'Brien and loses puck.
8:46 of 3rd period - Dustin Byfuglien is hit by Radko Gudas and loses puck.
9:29 of 3rd period - Wrist shot by Rich Peverley.
9:29 of 3rd period - Stopped by Jonathan Quick without a rebound.
9:30 of 3rd period - Greg Campbell wins face-off versus Rich Peverley in Kings zone.
9:35 of 3rd period - Slapshot by Cam Fowler.
9:35 of 3rd period - Shot Blocked by Bruno Gervais.
9:37 of 3rd period - Snap shot by Greg Campbell.
9:37 of 3rd period - Shot Blocked by Bruno Gervais.
9:41 of 3rd period - Snap shot by Chris Mcallister.
9:41 of 3rd period - Shot Misses the Net.
9:43 of 3rd period - Snap shot by Chris Mcallister.
9:43 of 3rd period - Shot Misses the Net.
9:45 of 3rd period - Snap shot by Cam Janssen.
9:45 of 3rd period - Stopped by Julien Ellis without a rebound.
9:46 of 3rd period - Frans Nielsen wins face-off versus Daniel Briere in Nordiques zone.
9:47 of 3rd period - Wrist shot by Patric Hornqvist.
9:47 of 3rd period - Stopped by Julien Ellis with a rebound.
10:11 of 3rd period - Dmitry Kulikov is hit by Radko Gudas.
10:37 of 3rd period - Marcus Nilson is hit by Mark Eaton and loses puck.
11:41 of 3rd period - Chris Drury is hit by Cam Janssen.
12:05 of 3rd period - Cam Fowler is hit by Dmitry Kulikov and loses puck.
12:20 of 3rd period - Wrist shot by Vladimir Tarasenko.
12:20 of 3rd period - Shot Misses the Net.
12:22 of 3rd period - Snap shot by Vladimir Tarasenko.
12:22 of 3rd period - Shot Blocked by Frans Nielsen.
12:24 of 3rd period - Wrist shot by Daniel Briere.
12:24 of 3rd period - Stopped by Jonathan Quick with a rebound.
12:26 of 3rd period - Slapshot by R.J. Umberger.
12:26 of 3rd period - Shot Misses the Net.
12:45 of 3rd period - T.J. Fast is hit by Anze Kopitar and loses puck.
13:54 of 3rd period - Off-side.
13:55 of 3rd period - Chris Drury wins face-off versus Anze Kopitar in neutral zone.
14:04 of 3rd period - Snap shot by Chris Drury.
14:04 of 3rd period - Shot Misses the Net.
14:44 of 3rd period - Icing by Drew Doughty.
14:45 of 3rd period - Josef Vasicek wins face-off versus Paul Gaustad in Kings zone.
14:52 of 3rd period - Slapshot by Josef Vasicek.
14:52 of 3rd period - Shot Blocked by Paul Gaustad.
15:17 of 3rd period - Minor Penalty to Bruno Gervais for Hooking.
15:18 of 3rd period - Marek Svatos wins face-off versus Anze Kopitar in Nordiques zone.
15:54 of 3rd period - Snap shot by Drew Doughty.
15:54 of 3rd period - Stopped by Julien Ellis without a rebound.
15:55 of 3rd period - Vladimir Tarasenko wins face-off versus Frans Nielsen in Nordiques zone.
17:16 of 3rd period - Anze Kopitar is hit by R.J. Umberger and loses puck.
17:17 of 3rd period - Penalty to Bruno Gervais is over, Bruno Gervais is back on ice.
17:44 of 3rd period - Slapshot by T.J. Fast.
17:44 of 3rd period - Shot Misses the Net.
19:14 of 3rd period - Nordiques, Julien Ellis is pulled from the net.
19:22 of 3rd period - Slapshot by R.J. Umberger.
19:22 of 3rd period - Shot Misses the Net.
19:24 of 3rd period - Slapshot by R.J. Umberger.
19:24 of 3rd period - Stopped by Jonathan Quick without a rebound.
19:25 of 3rd period - Claude Noel call a timeout for Nordiques.
19:25 of 3rd period - Frans Nielsen wins face-off versus Daniel Briere in Kings zone.
19:32 of 3rd period - Snap shot by Johnny Gaudreau.
19:32 of 3rd period - Shot Misses the Net.
19:40 of 3rd period - Wrist shot by R.J. Umberger.
19:40 of 3rd period - Shot Blocked by Nathan Horton.
19:42 of 3rd period - Backhand shot by Jean-Pierre Dumont.
19:42 of 3rd period - Deflect By Daniel Briere.
19:42 of 3rd period - Deflect By Drew Doughty.
19:42 of 3rd period - Stopped by Jonathan Quick with a rebound.
Goals for this period are 0 for Nordiques vs 1 for Kings.
Shots for this period are 7 for Nordiques vs 7 for Kings.
Back to the Top